 Dungeon Crawl Stone Soup version 0.26-a0-651-gb41185065b (webtiles) character file.

Game seed: 11964302084778899204

95994 Apogee the Fighter (level 15, -19/139 HPs)
             Began as a Demonspawn Transmuter on Oct 22, 2020.
             Was the Champion of Cheibriados.
             Killed from afar by an orc sorcerer (24 damage)
             ... with a bolt of negative energy
             ... on level 2 of the Orcish Mines.
             The game lasted 00:53:18 (25445 turns).

Apogee the Fighter (Demonspawn Transmuter)         Turns: 25445, Time: 00:53:18

Health: -19/139    AC: 29    Str: 33    XL:     15   Next: 67%
Magic:  27/27      EV: 17    Int: 37    God:    Cheibriados [******]
Gold:   3133       SH:  5    Dex: 29    Spells: 11/30 levels left

rFire    . . .     SeeInvis +     - Unarmed
rCold    . . .     Faith    .   (shield currently unavailable)
rNeg     . . .     Spirit   .   e - +7 chain mail of the Valley {Int+2 SInv}
rPois    +         Reflect  +   T - +0 hat {Int+3}
rElec    .         Harm     .   V - +0 cloak
rCorr    .         Rampage  .   (gloves currently unavailable)
MR       +....                  O - +0 pair of boots
Stlth    ..........             S - amulet of reflection
HPRegen  7.33/turn              G - ring of flight
MPRegen  0.20/turn              f - +6 ring of strength

@: mighty, agile, blade hands, wereblooded, sanguine armour, drained, very slow
A: hooves 2, poison resistance, powered by death 3, powered by pain 2, robust 1,
weak 1, sanguine armour 2
a: End Transformation, Bend Time, Temporal Distortion, Slouch, Step From Time,
Renounce Religion, Evoke Flight


You were on level 2 of the Orcish Mines.
You worshipped Cheibriados.
Cheibriados was exalted by your worship.
You had blades for hands.
You visited 4 branches of the dungeon, and saw 24 of its levels.
You also visited: Bailey.

You collected 3133 gold pieces.

Inventory:

Missiles
 N - 2 throwing nets (quivered) {!f}
Armour
 e - the +7 chain mail of the Valley (worn) {Int+2 SInv}
   (You found it on level 6 of the Dungeon)

   It affects your intelligence (+2).
   It lets you see invisible.
 o - a +0 buckler
   (You found it on level 2 of the Dungeon)
 B - the +0 crystal plate armour "Ymes" {Stlth+}
   (You found it in a bailey)

   It makes you more stealthy.
 O - a +0 pair of boots (worn)
   (You found it on level 5 of the Lair of Beasts)
 T - a +0 hat of intelligence (worn)
   (You found it on level 12 of the Dungeon)
 V - a +0 cloak (worn)
   (You found it on level 1 of the Lair of Beasts)
Jewellery
 a - an uncursed ring of fire
   (You found it on level 4 of the Lair of Beasts)
 f - a +6 ring of strength (right scythe-like blade)
   (You found it on level 1 of the Dungeon)
 i - an uncursed ring of protection from fire
   (You found it on level 5 of the Lair of Beasts)
 j - an uncursed ring of protection from magic
   (You found it on level 13 of the Dungeon)
 l - an uncursed ring of protection from magic
   (You found it on level 1 of the Dungeon)
 E - a +4 ring of protection
   (You found it on level 8 of the Dungeon)
 F - the ring "Nischeaso" {rC++ MR+ Str-2 Int-5 Stlth+}
   (You found it on level 8 of the Dungeon)

   [ring of protection from magic]

   It affects your strength (-2).
   It affects your intelligence (-5).
   It greatly protects you from cold.
   It affects your resistance to hostile enchantments.
   It makes you more stealthy.
 G - a ring of flight (left scythe-like blade)
   (You found it on level 8 of the Dungeon)
 L - an uncursed ring of resist corrosion
   (You found it on level 10 of the Dungeon)
 S - an amulet of reflection (around neck)
   (You found it on level 12 of the Dungeon)
Wands
 c - a wand of disintegration (16)
   (You found it on level 15 of the Dungeon)
 d - a wand of iceblast (14)
   (You took it off a wight on level 14 of the Dungeon)
 t - a wand of flame (81)
   (You found it on level 9 of the Dungeon)
 u - a wand of paralysis (4)
   (You found it on level 5 of the Lair of Beasts)
 v - a wand of digging (10)
   (You found it on level 5 of the Dungeon)
 x - a wand of acid (8)
   (You found it on level 10 of the Dungeon)
 y - a wand of polymorph (26)
   (You found it on level 5 of the Dungeon)
 W - a wand of enslavement (9)
   (You found it on level 1 of the Lair of Beasts)
Scrolls
 p - 4 scrolls of immolation {!r}
 q - 15 scrolls of remove curse {@r2}
 s - a scroll of fog
 z - 2 scrolls of blinking
 A - 4 scrolls of fear
 C - 2 scrolls of magic mapping
 K - 12 scrolls of teleportation {@r4}
 M - 3 scrolls of enchant weapon
 P - 2 scrolls of amnesia
 U - a scroll of enchant armour
Potions
 b - 6 potions of mutation {!q}
 g - 5 potions of flight
 h - 3 potions of haste {@q3}
 k - a potion of stabbing
 m - a potion of ambrosia
 r - 2 potions of lignification {!q}
 w - 2 potions of invisibility
 D - a potion of might
 H - a potion of heal wounds {@q2}
 I - 9 potions of curing {@q1}
 J - 3 potions of berserk rage
 R - 4 potions of cancellation
 X - 4 potions of brilliance
 Y - a potion of magic
 Z - a potion of resistance
Miscellaneous
 Q - a lightning rod (4/4) {!a}
   (You found it in a bailey)


   Skills:
 + Level 14.8(13.4) Fighting
 - Level 8.0(6.8) Armour
 - Level 4.0(2.9) Dodging
 - Level 2.0(1.0) Stealth
 - Level 0.8(0.0) Shields
 - Level 12.0(10.7) Unarmed Combat
 - Level 8.0(6.8) Spellcasting
 + Level 3.8(2.7) Hexes
 + Level 9.4(8.2) Summonings
 - Level 10.0(8.7) Transmutations
 - Level 8.0(6.8) Invocations
 - Level 4.0(2.9) Evocations


You had 11 spell levels left.
You knew the following spells:

 Your Spells              Type           Power        Failure   Level
a - Beastly Appendage     Tmut           ######       10%         1
b - Blade Hands           Tmut           ######....   43%         5
c - Wereblood             Tmut           ######..     12%         2
d - Shadow Creatures      Summ           N/A          88%         6
w - Summon Mana Viper     Hex/Summ       ######..     77%         5

Your spell library contained the following spells:

 Spells                   Type           Power        Failure   Level
 Sting                    Tmut/Pois      ####         21%         1
 Spider Form              Tmut/Pois      #####.....   36%         3
 Ensorcelled Hibernation  Hex/Ice        ###...       45%         2
 Ignite Poison            Fire/Tmut/Pois ####....     47%         3
 Summon Demon             Summ           ######....   47%         5
 Freeze                   Ice            ##..         50%         1
 Shock                    Conj/Air       ##..         50%         1
 Poisonous Vapours        Pois/Air       ##....       61%         2
 Swiftness                Air            ##......     61%         2
 Ice Form                 Ice/Tmut       #####...     61%         4
 Summon Ice Beast         Ice/Summ       #####...     65%         4
 Conjure Flame            Conj/Fire      ##......     77%         3
 Frozen Ramparts          Ice            ##....       77%         3
 Mephitic Cloud           Conj/Pois/Air  ##......     77%         3
 Ozocubu's Armour         Ice            ##......     77%         3
 Static Discharge         Conj/Air       ##......     77%         3
 Summon Forest            Summ/Tloc      #####.....   88%         5
 Airstrike                Air            ##........   97%         4
 Hailstorm                Conj/Ice       ##......     97%         4
 Olgreb's Toxic Radiance  Pois           ##......     97%         4
 Silence                  Hex/Air        ###.......   99%         5
 Borgnjor's Vile Clutch   Necr/Erth      ##........   100%        5
 Lightning Bolt           Conj/Air       ##........   100%        5
 Freezing Cloud           Conj/Ice/Air   ##........   100%        6
 Summon Hydra             Summ           ######....   100%        7


Dungeon Overview and Level Annotations

Branches:
Dungeon (15/15)            Temple (1/1) D:5            Lair (6/6) D:10
 Shoals (0/4) Lair:4        Snake (0/4) Lair:4        Slime (0/5) Lair:5
    Orc (2/2) D:9             Elf (0/3) Orc:2        Vaults (0/5) D:14
 Depths (0/5) D:15         Bailey (visited)

Altars:
Ashenzari
Cheibriados
Dithmenos
Elyvilon
Fedhas
Gozag
Hepliaklqana
Kikubaaqudgha
Makhleb
Nemelex Xobeh
Okawaru
Qazlal
Ru
Sif Muna
Trog
Uskayaw
Vehumet
Wu Jian
Xom
Yredelemnul
Zin
The Shining One
Beogh

Shops:
D:4 (   Orc:1 =   Orc:2 [

Portals:
Trove: D:10 (give +4 shadow dragon scales)

Annotations:
Lair:2 exclusion: oklob plant


Innate Abilities, Weirdness & Mutations

You have hoof-like feet.
You regenerate a lot of health from kills.
You sometimes gain power by taking damage.
When seriously injured, your bleeding wounds create thick armour. (AC +9)
Your system is resistant to poisons. (rPois)
You are robust. (+10% HP)
You are weak. (Str -2)


Message History

You resist with significant effort.
You are too injured to fight recklessly!
You hit the orc sorcerer. You slash the orc sorcerer!!
You kill the orc sorcerer!
Cheibriados appreciates the change of pace.
The orc knight completely misses you.
The orc high priest starts to sing a prayer.
You block the orc high priest's attack.
You slice the orc high priest!!
The orc knight hits you with a +2 vampiric great sword!
* * * LOW HITPOINT WARNING * * *
The orc knight draws strength from your wounds!
An orc warrior comes into view. It is wielding a +0 trident.
The orc knight hits you from afar with a +0 halberd!!
* * * LOW HITPOINT WARNING * * *
You shred the orc high priest!!!
You kill the orc high priest!
Cheibriados appreciates the change of pace.
The red devil disappears in a puff of smoke!
The orc knight no longer looks unusually strong.
The orc high priest hits you but does no damage.
An orc wizard comes into view. It is wielding a +0 dagger.
The orc sorcerer points at you and mumbles some strange words.
The bolt of negative energy hits you!
You feel drained.
* * * LOW HITPOINT WARNING * * *
You howl as the wereblood boils in your veins!
The orc warrior no longer looks unusually strong.
The orc knight roars a battlecry!
The orcs go into a battle-frenzy!
An orc sorcerer comes into view.
It is wielding a +0 dagger and wearing a +2 robe of fire resistance.
The orc knight closely misses you.
The orc high priest hits you but does no damage.
The orc knight hits you but does no damage.
The orc high priest closely misses you.
The orc sorcerer gestures wildly while chanting.
Items here: ))))) [[[[ ††.
You barely miss the orc sorcerer.
The orc priest invokes the aid of Beogh against you.
Beogh smites you!
* * * LOW HITPOINT WARNING * * *
The orc knight roars a battlecry!
The orc knight hits you with a +2 vampiric great sword!!
* * * LOW HITPOINT WARNING * * *
The orc knight draws strength from your wounds!
The orc knight hits you from afar with a +0 halberd!
* * * LOW HITPOINT WARNING * * *
The orc high priest hits you but does no damage.
The orc sorcerer gestures at you while chanting.
The bolt of negative energy hits you!!
You feel drained.
You die...

# ##...##.###.............######
####.....######..#.......)).##.##
..#.#...#.###....##.....#[)......
....÷...........##..........##...
....##.##.....#.###..##....##....
....#######...>..######.........#
....### ######## ##.......##
......# ###### #......## ......#
#o@3.## #.)...## ......#
#.oo)o##..## #....## ^.##.##
#..oooo4##..# ##...# ...##.#
#∩.#.##o.o##.###...### ......# #.
#o ##oo##..##..##.## ...#..# .
.o.##.##......# ......# #
...##.###....## ...#..#
...##.###.....# ......#
..#####.##......#


You could see 3 orc knights, a soul eater (summoned), an orc high priest
(strong), 2 orc sorcerers, 2 orc warriors and an orc priest (strong).

Vanquished Creatures
  A lich (D:10)
  2 dire elephants
  Snorg (Orc:1)
  2 ettins (Orc:2)
  A fire dragon (Lair:6)
  A great orb of eyes (shapeshifter) (D:14)
  The ghost of Deatesutut the Grim Reaper, a journeyman MiFi of Yredelemnul (Lair:3)
  The ghost of loralnil the Martial Artist, a journeyman GnTm of Cheibriados (D:10)
  5 hydras
  An ogre mage (D:14)
  9 two-headed ogres
  3 centaur warriors (D:14)
  A tengu warrior (D:13)
  2 orc high priests (Orc:2)
  A deep elf knight (D:10)
  6 slime creatures
  Nergalle (D:10)
  Sonja (D:11)
  A swamp dragon (Lair:6)
  5 skeletal warriors
  4 orc knights
  A necromancer (D:10)
  14 ugly things
  A deep elf mage (D:14)
  3 orc sorcerers (Orc:2)
  A wolf spider (D:15)
  3 cyclopes
  3 manticores
  A manticore (shapeshifter) (D:10)
  A merfolk siren (Lair:4)
  20 elephants
  6 black mambas
  2 gargoyles
  6 cane toads
  5 rime drakes
  5 komodo dragons
  5 yaktaurs (D:14)
  4 trolls
  10 polar bears
  3 raiju (Lair:6)
  15 blink frogs
  A centaur simulacrum (D:15)
  8 hippogriffs
  A meliai zombie (D:14)
  2 vampires (D:10)
  4 wraiths
  Sigmund (D:3)
  6 wyverns
  33 yaks
  2 shadows
  4 basilisks
  2 vampire mosquitoes (D:14)
  A steam dragon (Lair:6)
  6 wargs
  Duvessa (D:6)
  2 acid dragons
  14 hell hounds (Lair:6)
  9 porcupines
  24 orc warriors
  20 water moccasins
  2 swamp drakes (Lair:6)
  11 black bears (Lair:6)
  2 ice beasts
  2 sky beasts (D:10)
  14 ogres
  3 phantoms
  23 wolves
  An eye of draining (D:14)
  15 centaurs
  10 crocodiles
  6 big kobolds
  5 gnoll sergeants (D:9)
  19 bullfrogs
  A wyvern zombie (D:13)
  Dowan (D:6)
  6 scorpions
  A water moccasin skeleton (D:8)
  13 killer bees
  26 wights
  4 electric eels
  5 howler monkeys
  4 centaur zombies
  4 hounds
  4 jellies
  8 centaur skeletons
  A gnoll shaman (D:7)
  14 orc priests
  4 bullfrog skeletons
  18 orc wizards
  Natasha (thrice) (D:2)
  8 iguanas
  2 hell rats (Lair:2)
  8 worker ants
  A hound zombie (D:6)
  A hound skeleton (D:10)
  A howler monkey zombie (D:8)
  A worker ant zombie (D:8)
  13 gnolls
  23 adders
  3 river rats (Lair:2)
  A shadow imp (D:10)
  A white imp (D:6)
  An ufetubus (D:7)
  2 oozes
  An adder skeleton (D:4)
  4 worms
  3 dart slugs
  3 leopard geckos
  99 orcs
  A ball python (D:3)
  A giant cockroach (D:1)
  13 goblins
  6 hobgoblins
  8 jackals
  11 quokkas
  10 bats
  4 frilled lizards
  23 kobolds
  3 quokka skeletons
  16 rats
802 creatures vanquished.

Vanquished Creatures (others)
  An ogre (D:14)
  A quokka (D:12)
  A bush (D:11)
  38 fungi
  95 plants
136 creatures vanquished.

Grand Total: 938 creatures vanquished

Notes
Turn   | Place    | Note
-------+----------+-------------------------------------------
     0 | D:1      | Apogee the Demonspawn Transmuter began the quest for the
                  | Orb.
     0 | D:1      | Reached XP level 1. HP: 15/15 MP: 3/3
   279 | D:1      | Gained mutation: You have large cloven feet. [demonic
                  | ancestry]
   279 | D:1      | Reached XP level 2. HP: 20/21 MP: 5/5
  1056 | D:1      | Gained mutation: You regenerate a little health from kills.
                  | [demonic ancestry]
  1056 | D:1      | Reached XP level 3. HP: 26/27 MP: 6/6
  1242 | D:2      | Noticed Natasha
  1250 | D:2      | Killed Natasha
  1250 | D:2      | Reached skill level 2 in Fighting
  1250 | D:2      | Reached XP level 4. HP: 20/33 MP: 5/7
  1815 | D:2      | Noticed Natasha
  1823 | D:2      | Killed Natasha
  2122 | D:2      | Noticed Natasha
  2131 | D:2      | Killed Natasha
  2131 | D:2      | Reached XP level 5. HP: 23/39 MP: 6/8
  2973 | D:3      | Reached skill level 3 in Fighting
  3038 | D:3      | Found a glowing silver altar of Zin.
  3051 | D:3      | Found a faded altar of an unknown god.
  3120 | D:3      | Noticed Sigmund
  3157 | D:3      | Killed Sigmund
  3157 | D:3      | Reached skill level 5 in Unarmed Combat
  3157 | D:3      | Gained mutation: You sometimes gain a little power by
                  | taking damage. [demonic ancestry]
  3157 | D:3      | Reached XP level 6. HP: 30/47 MP: 9/9
  3585 | D:4      | Found Jiczuco's Weapon Shop.
  3825 | D:4      | Reached XP level 7. HP: 53/53 MP: 8/10
  4061 | D:4      | Reached skill level 4 in Fighting
  5359 | D:5      | Entered Level 5 of the Dungeon
  5487 | D:5      | Gained mutation: You regenerate health from kills. [demonic
                  | ancestry]
  5487 | D:5      | Reached XP level 8. HP: 46/61 MP: 11/11
  5689 | D:5      | Reached skill level 5 in Fighting
  5828 | D:5      | Found an opulent altar of Gozag.
  5907 | D:5      | Found a staircase to the Ecumenical Temple.
  5917 | Temple   | Entered the Ecumenical Temple
  6214 | Temple   | Became a worshipper of Cheibriados the Contemplative
  6606 | D:6      | Reached skill level 6 in Fighting
  6801 | D:6      | Reached * piety under Cheibriados
  6813 | D:6      | Noticed Dowan
  6818 | D:6      | Noticed Duvessa
  6841 | D:6      | HP: 3/65 [Dowan/puff of flame (12)]
  6845 | D:6      | Gained mutation: You are robust. (+10% HP) [potion of
                  | mutation]
  6845 | D:6      | Gained mutation: You have hoof-like feet. [potion of
                  | mutation]
  6845 | D:6      | Gained mutation: You are weak. (Str -2) [potion of
                  | mutation]
  6845 | D:6      | Gained mutation: Your system is resistant to poisons.
                  | (rPois) [potion of mutation]
  6851 | D:6      | Killed Duvessa
  6853 | D:6      | Killed Dowan
  6853 | D:6      | Gained mutation: When seriously injured, your bleeding
                  | wounds create armour. (AC +9) [demonic ancestry]
  6853 | D:6      | Reached XP level 9. HP: 48/78 MP: 12/12
  7107 | D:6      | Found a basalt altar of Yredelemnul.
  7234 | D:6      | Got an aquamarine-encrusted chain mail
  7280 | D:6      | Identified the +7 chain mail of the Valley {Int+2 SInv}
                  | (You found it on level 6 of the Dungeon)
  7361 | D:6      | Found a faded altar of an unknown god.
  7361 | D:6      | Found a sparkling altar of Nemelex Xobeh.
  7366 | D:6      | Found a faded altar of an unknown god.
  7368 | D:6      | Found a white marble altar of Elyvilon.
  7370 | D:6      | Found a burning altar of Makhleb.
  7462 | D:6      | Found a hide-covered altar of Uskayaw.
  7466 | D:6      | Found an iron altar of Okawaru.
  7468 | D:6      | Found a shadowy altar of Dithmenos.
  7501 | D:7      | Reached skill level 7 in Fighting
  7761 | D:7      | You fall into a shaft and drop 1 floor!
  7877 | D:8      | Reached ** piety under Cheibriados
  8081 | D:8      | Reached skill level 5 in Transmutations
  8218 | D:8      | Got a coiled silver ring
  8220 | D:8      | Identified the ring "Nischeaso" {rC++ MR+ Str-2 Int-5
                  | Stlth+} (You found it on level 8 of the Dungeon)
  8473 | D:8      | Reached skill level 8 in Fighting
  8632 | D:8      | Found an ornate altar of the Wu Jian Council.
  8902 | D:7      | Found a blossoming altar of Fedhas.
  9000 | D:7      | Found a hazy altar of Hepliaklqana.
  9014 | D:7      | Learned a level 5 spell: Blade Hands
  9017 | D:7      | Learned a level 2 spell: Wereblood
  9569 | D:9      | Found a broken altar of Ashenzari.
  9728 | D:9      | Noticed a two-headed ogre
  9744 | D:9      | Killed a two-headed ogre
  9744 | D:9      | Reached *** piety under Cheibriados
  9744 | D:9      | Reached XP level 10. HP: 58/90 MP: 14/16
 10087 | D:9      | Noticed a two-headed ogre
 10097 | D:9      | Killed a two-headed ogre
 10218 | D:9      | Reached skill level 9 in Fighting
 10484 | D:9      | Reached skill level 10 in Unarmed Combat
 10749 | D:9      | Found a staircase to the Orcish Mines.
 10763 | D:9      | Reached **** piety under Cheibriados
 10817 | D:9      | Reached XP level 11. HP: 99/99 MP: 17/17
 10852 | D:9      | Found a bloodstained altar of Trog.
 11060 | D:10     | Entered Level 10 of the Dungeon
 11060 | D:10     | Found a runed translucent door.
 11060 | D:10     | Found a runed translucent door.
 11063 | D:10     | Reached skill level 10 in Fighting
 11088 | D:10     | Found a staircase to the Lair.
 11091 | D:10     | Noticed a two-headed ogre
 11101 | D:10     | Killed a two-headed ogre
 11101 | D:10     | Reached skill level 1 in Armour
 11250 | D:10     | Noticed a skeletal warrior
 11252 | D:10     | Noticed loralnil's ghost (journeyman GnTm)
 11252 | D:10     | Noticed a lich
 11253 | D:10     | Noticed a necromancer
 11314 | D:10     | Reached ***** piety under Cheibriados
 11457 | D:10     | Noticed Nergalle
 11477 | D:10     | Killed Nergalle
 11479 | D:10     | Found a portal to a secret trove of treasure.
 11585 | D:10     | Reached skill level 1 in Invocations
 11617 | D:10     | Noticed a deep elf knight
 11620 | D:10     | Noticed a lindwurm
 11620 | D:10     | a yaktaur changed into a lindwurm
 11621 | D:10     | a lindwurm changed into a merfolk
 11777 | D:10     | Noticed a spark wasp
 11802 | D:11     | Noticed a purple ugly thing
 11809 | D:11     | Killed a purple ugly thing
 11905 | D:11     | Noticed Sonja
 11916 | D:11     | Killed Sonja
 11916 | D:11     | Reached skill level 5 in Armour
 12078 | D:11     | Noticed a two-headed ogre
 12093 | D:11     | Killed a two-headed ogre
 12093 | D:11     | Reached skill level 5 in Invocations
 12229 | D:11     | Got a warped mace
 12307 | D:11     | Noticed a purple ugly thing
 12317 | D:11     | Killed a purple ugly thing
 12485 | D:11     | Noticed an orc knight
 12505 | D:11     | Killed an orc knight
 12514 | D:11     | Found a roughly hewn altar of Beogh.
 12610 | D:11     | Reached skill level 1 in Stealth
 12610 | D:11     | Reached skill level 1 in Evocations
 12698 | D:11     | Noticed a red ugly thing
 12704 | D:11     | Killed a red ugly thing
 12952 | D:12     | Noticed a brown ugly thing
 12957 | D:12     | Killed a brown ugly thing
 12957 | D:12     | Gained mutation: You sometimes gain power by taking damage.
                  | [demonic ancestry]
 12957 | D:12     | Reached XP level 12. HP: 106/106 MP: 18/18
 13208 | D:12     | Found a white marble altar of Elyvilon.
 13460 | D:12     | Noticed a two-headed ogre
 13466 | D:12     | Killed a two-headed ogre
 13466 | D:12     | Reached skill level 5 in Spellcasting
 13738 | D:12     | Reached ****** piety under Cheibriados
 13863 | Lair:1   | Entered Level 1 of the Lair of Beasts
 14776 | Lair:2   | Noticed a four-headed hydra
 14782 | Lair:2   | Killed a four-headed hydra
 14782 | Lair:2   | Reached skill level 10 in Transmutations
 15640 | Lair:2   | Gained mutation: When seriously injured, your bleeding
                  | wounds create thick armour. (AC +9) [demonic ancestry]
 15640 | Lair:2   | Reached XP level 13. HP: 100/115 MP: 23/23
 15653 | Lair:2   | Reached skill level 11 in Fighting
 16020 | Lair:3   | Found a runed translucent door.
 16845 | Lair:3   | Noticed Deatesutut's ghost (journeyman MiFi)
 16854 | Lair:3   | Killed Deatesutut's ghost
 16980 | Lair:4   | Found a staircase to the Snake Pit.
 16992 | Lair:4   | Reached skill level 12 in Fighting
 17140 | Lair:4   | Found a staircase to the Shoals.
 18231 | Lair:5   | Found a staircase to the Slime Pits.
 18701 | Lair:5   | Learned a level 5 spell: Summon Mana Viper
 19003 | Lair:5   | Reached skill level 1 in Summonings
 19290 | Lair:6   | Entered Level 6 of the Lair of Beasts
 19391 | Lair:6   | Gained mutation: You regenerate a lot of health from kills.
                  | [demonic ancestry]
 19391 | Lair:6   | Reached XP level 14. HP: 127/127 MP: 26/26
 20465 | Lair:6   | Reached skill level 13 in Fighting
 20588 | Lair:6   | Reached skill level 5 in Summonings
 21007 | D:10     | Killed a lich
 21085 | D:10     | Killed loralnil's ghost
 22041 | D:14     | Mutation became permanent: You have large cloven feet.
                  | [demonic ancestry]
 22041 | D:14     | Gained mutation: You have hoof-like feet. [demonic
                  | ancestry]
 22041 | D:14     | Reached XP level 15. HP: 137/137 MP: 12/27
 22504 | D:14     | Reached skill level 14 in Fighting
 23119 | D:14     | Found a shimmering altar of Xom.
 23161 | D:14     | Found a gate to the Vaults.
 23294 | D:14     | Learned a level 6 spell: Shadow Creatures
 23323 | D:15     | Entered Level 15 of the Dungeon
 23421 | D:15     | Found a glowing silver altar of Zin.
 23523 | D:15     | Reached skill level 1 in Hexes
 23595 | D:15     | Found a staircase to the Depths.
 24034 | Orc:1    | Entered Level 1 of the Orcish Mines
 24035 | Orc:1    | Noticed Snorg
 24039 | Orc:1    | Killed Snorg
 24080 | Orc:1    | Found a flagged portal.
 24094 | Bailey   | Entered a bailey
 24303 | Bailey   | Got a smoking crystal plate armour
 24309 | Bailey   | Identified the cursed +0 crystal plate armour "Ymes"
                  | {Stlth+} (You found it in a bailey)
 24635 | Orc:1    | Found Wafak's Jewellery Shoppe.
 24744 | Orc:2    | Entered Level 2 of the Orcish Mines
 25035 | Orc:2    | Found a staircase to the Elven Halls.
 25420 | Orc:2    | Found Hob Lung's Armour Boutique.
 25445 | Orc:2    | HP: 5/139 [orc knight/+0 halberd (17)]
 25445 | Orc:2    | Killed from afar by an orc sorcerer

Illustrated notes

Levels and vault maps discovered:
D:1:      dpeg_arrival_three_bigger_balls, layout_basic, minmay_domino_4
D:2:      layout_basic, uniq_natasha
D:3:      layout_basic, zin_treasury, chequers_ecumenical_altar_simple,
          minmay_misc_feat_rows, uniq_sigmund
D:4:      layout_cave_pods, serial_shops, nicolae_shop_window_shopping
D:5:      layout_loops_ring, grunt_gozag_statues,
          minmay_temple_entry_gardened_gates
D:6:      layout_rooms, minitemple, chequers_temple_overflow_minitemple,
          kennysheep_mini_moat, uniq_duvessa
D:7:      layout_basic, old_standard_altar, minmay_strange_pillars,
          fedhas_altar_fruit_tree
D:8:      kennysheep_windowed_halls, layout_loops_ring,
          overflow_temple_1_default
D:9:      layout_long_grid, lemuel_round_altar, bloody_trog,
          kennysheep_orc_monster_closet_entryway
D:10:     layout_basic, lair_entry_dummy, nicolae_trove_entry_columns,
          muffindrake_ghost_dual_entry, uniq_nergalle
D:11:     layout_cave_pools, special_room [special_room_orc],
          kb_lookout_dungeons_type, uniq_sonja
D:12:     layout_loops_ring, elyvilon_altar_4
D:13:     layout_long_grid
D:14:     layout_basic, hangedman_vaults_entry_quadrant_bands,
          columned_hall_lemuel, basic_altar
D:15:     hangedman_depths_entry_try_elsewhere_first, layout_cross, zin_angel
Temple:   compressed_dpeg_triangle_lava_temple
Lair:1:   layout_regular_city, minmay_lair_oklob_items, serial_bayou_lake_a,
          grunt_megastairs_5, infiniplex_staircase_pool
Lair:2:   minmay_lair_oklob_tunnel, layout_regular_city, st_stairs_10,
          kennysheep_abandoned_house
Lair:3:   layout_roguey, ebering_ghost_reflecting_pool, lemuel_fruit_fields
Lair:4:   layout_regular_city, minmay_shoals_entry_lonely_mermaid,
          minmay_snake_entry_six_corridors
Lair:5:   layout_loops_ring, minmay_slime_entry_pillars
Lair:6:   hangedman_lair_caniforms_friends, layout_long_grid,
          guppyfry_lair_end_dragon, chequers_serial_rivers_room_b
Orc:1:    layout_caves, enter_bailey_5, minmay_shop_enchanted_jewellery,
          uniq_snorg
Orc:2:    st_orc_elflike, layout_caves

Skill      XL: |  1  2  3  4  5  6  7  8  9 10 11 12 13 14 15 |
---------------+----------------------------------------------+-----
Unarmed Combat | 3 4 5 6 8 9 10 11 12 | 12.0
Fighting       | 2 3 4 6 8 9 10 12 13 14 | 14.8
Transmutations | 2 3 4 5 7 8 10 | 10.0
Spellcasting   | 4 7 8 |  8.0
Armour         | 6 8 |  8.0
Invocations    | 8 |  8.0
Stealth        | 2 |  2.0
Evocations     | 2 4 |  4.0
Dodging        | 4 |  4.0
Summonings     | 2 7 9 |  9.4
Hexes          | 3 |  3.8
Shields        | |  0.8

Action                   |  1- 3 |  4- 6 |  7- 9 | 10-12 | 13-15 || total
-------------------------+-------+-------+-------+-------+-------++-------
Melee: Unarmed           |    83 |   171 |   446 |   560 |   944 ||  2204
       Headbutt          |    11 |    16 |    72 |   125 |    26 ||   250
       Kick              |    16 |    43 |   132 |   321 |   124 ||   636
       Punch             |       |     4 |    14 |    43 |   100 ||   161
 Cast: Beastly Appendage |     8 |    17 |    40 |    44 |     8 ||   117
       Wereblood         |       |       |     1 |     8 |     9 ||    18
       Blade Hands       |       |       |       |     3 |    47 ||    50
Invok: Slouch            |       |       |       |     2 |     3 ||     5
 Abil: Evoke Flight      |       |       |       |       |     2 ||     2
Evoke: Wand              |       |       |     1 |     6 |     1 ||     8
  Use: Potion            |       |       |     8 |       |     3 ||    11
       Scroll            |       |       |       |       |    23 ||    23
Armor: Robe              |     9 |       |       |       |       ||     9
       Ring mail         |     5 |    58 |    63 |       |       ||   126
       Skin              |       |       |    12 |       |       ||    12
       Chain mail        |       |       |    87 |   353 |   517 ||   957
       Crystal plate arm |       |       |       |       |     3 ||     3
Dodge: Dodged            |    63 |    97 |   191 |   301 |   600 ||  1252
Block: Other             |       |       |       |       |   195 ||   195
       Reflection        |       |       |       |       |    11 ||    11

Table legend: (Time is in decaauts)
 A = Elapsed time spent in this place.
 B = Non-inter-level travel time spent in this place.
 C = Inter-level travel time spent in this place.
 D = Time resting spent in this place.
 E = Time spent auto-exploring this place.
 F = Levels seen in this place.
 G = Mean time per level.
                   A        B        C        D        E       F      G
               +--------+--------+--------+--------+--------+-----+--------+
         Total |  34361 |  32817 |   1544 |   2963 |  24080 |  25 | 1374.4 |
       Dungeon |  21014 |  19959 |   1055 |   2182 |  14326 |  15 | 1400.9 |
        Temple |    320 |    299 |     21 |      0 |    275 |   1 |  320.0 |
          Lair |  10733 |  10292 |    441 |    649 |   8072 |   6 | 1788.8 |
  Orcish Mines |   1822 |   1796 |     26 |    132 |   1269 |   2 |  911.0 |
        Bailey |    471 |    471 |      0 |      0 |    138 |   1 |  471.0 |
               +--------+--------+--------+--------+--------+-----+--------+

Top non-repeatable levels by time:
  Lair:6: 2235 daAuts
     D:9: 2159 daAuts
    D:14: 2108 daAuts
  Lair:4: 2009 daAuts
  Lair:2: 1859 daAuts
  Lair:5: 1733 daAuts
  Lair:3: 1592 daAuts
    D:11: 1564 daAuts
    D:10: 1477 daAuts
     D:4: 1476 daAuts
     D:8: 1457 daAuts
    D:12: 1406 daAuts
     D:2: 1383 daAuts
     D:3: 1362 daAuts
  Lair:1: 1302 daAuts
